 Dungeon Crawl Stone Soup version 0.21-a0-372-gd0ff781 (webtiles) character file.

744 Banto the Sneak (level 7, -1/50 HPs)
             Began as a Demonspawn Skald on Oct 17, 2017.
             Was an Initiate of Kikubaaqudgha.
             Slain by an orc
             ... wielding a +0 falchion
              (6 damage)
             ... on level 6 of the Dungeon.
             The game lasted 00:11:21 (7301 turns).

Banto the Sneak (Demonspawn Skald)                  Turns: 7301, Time: 00:11:22

Health: -1/50      AC:  3    Str: 12    XL:     7   Next: 47%
Magic:  10/10      EV: 15    Int: 18    God:    Kikubaaqudgha [......]
Gold:   297        SH:  4    Dex: 14    Spells: 4/10 levels left

rFire    + . .     SeeInvis .   a - +0 short sword
rCold    . . .     Gourm    .   (no shield)
rNeg     . . .     Faith    .   b - +0 leather armour
rPois    .         Spirit   .   (no helmet)
rElec    .         Reflect  +   (no cloak)
rCorr    .         Harm     .   (no gloves)
MR       +....                  (no boots)
Stlth    +++.......             x - amulet of Itucymn {Reflect rF+ SH+4}
HPRegen  0.16/turn              f - +2 ring of intelligence
MPRegen  0.12/turn              r - +3 ring of evasion

@: lethally poisoned (-1 -> -3), starving
A: hooves 2, agile 1, deterioration 1, magic resistance 1, powered by pain 1,
screaming 1
a: Renounce Religion


You were on level 6 of the Dungeon.
You worshipped Kikubaaqudgha.
Kikubaaqudgha was noncommittal.
You were starving.

You visited 2 branches of the dungeon, and saw 7 of its levels.

You collected 297 gold pieces.

Inventory:

Hand Weapons
 a - a +0 short sword (weapon)
Missiles
 e - 8 javelins (quivered)
 t - 2 throwing nets
Armour
 b - a +0 leather armour (worn)
 u - a +0 pair of gloves
Jewellery
 f - a +2 ring of intelligence (left hand)
 r - a +3 ring of evasion (right hand)
 x - the amulet of Itucymn (around neck) {Reflect rF+ SH+4}
   (You found it on level 5 of the Dungeon)

   [amulet of reflection]

   It shields you and reflects attacks.
   It protects you from fire.
   It affects your SH (+4).
Scrolls
 c - a scroll of magic mapping {unknown}
 i - 2 scrolls of recharging
 j - 3 scrolls of amnesia {unknown}
 l - 2 scrolls of teleportation
 n - 2 scrolls of blinking
 p - 2 scrolls of remove curse
 q - a scroll of identify
Potions
 g - a potion of curing
 h - 2 potions of might
 k - 3 potions of cancellation
 m - a potion of ambrosia
 s - 4 potions of heal wounds
Comestibles
 d - 8 bread rations
 o - 2 meat rations
 w - a royal jelly
 z - 3 fruits


   Skills:
 - Level 2.0 Fighting
 + Level 5.6 Short Blades
 - Level 0.8 Armour
 - Level 1.7 Dodging
 + Level 5.7 Stealth
 - Level 2.0 Spellcasting
 - Level 2.6 Charms


You had 4 spell levels left.
You knew the following spells:

 Your Spells              Type           Power        Failure   Level  Hunger
a - Infusion              Chrm           ##..         8%          1    #......
b - Shroud of Golubria    Chrm/Tloc      #.........   21%         2    ###....
c - Regeneration          Chrm/Necr      #.........   36%         3    ###....


Dungeon Overview and Level Annotations

Branches:
Dungeon (6/15)             Temple (1/1) D:4

Altars:
Ashenzari
Cheibriados
Dithmenos
Elyvilon
Fedhas
Gozag
Hepliaklqana
Kikubaaqudgha
Makhleb
Nemelex Xobeh
Okawaru
Qazlal
Ru
Sif Muna
Trog
Uskayaw
Vehumet
Wu Jian
Xom
Yredelemnul
Zin
The Shining One

Shops:
D:4 [

Annotations:
D:5 exclusion: 2 doors


Innate Abilities, Weirdness & Mutations

You have hoof-like feet.
You sometimes gain a little power by taking damage.
You are agile. (Dex +2)
Your body sometimes deteriorates upon taking damage.
You are resistant to hostile enchantments. (MR+)
You occasionally shout uncontrollably at your foes.


Message History

You closely miss the scorpion.
The scorpion is almost dead.
The scorpion stings you!
* * * LOW HITPOINT WARNING * * *
You take 9 damage, and have 6/50 hp.
Throwing (i - inventory. (,) - cycle):
e - 10 javelins (quivered)
Press: ? - help, Shift-Dir - straight line, f/p - scorpion
Aim: a scorpion (almost dead)
You throw a javelin. The javelin hits the scorpion.
You kill the scorpion!
Kikubaaqudgha accepts your kill.
You feel sick.
You take 1 damage, and have 5/50 hp.
Throwing (i - inventory. (,) - cycle):
e - 9 javelins (quivered)
Press: ? - help, Shift-Dir - straight line, f - orc
Aim: an orc, wielding a falchion and wearing a ring mail You throw a javelin.
The javelin closely misses the orc.
The orc hits you with a falchion.
You die...
Kikubaaqudgha rasps: "You have failed me!
Welcome... death!"

....# #.....#.)..........#.....
....####.....##'###..###.######.
#(....# #......#######.######.
#.....# #......#.....#........
#.....# #......#.....#........
##.....####......##........####.
#...........#############..####.
#...........#.....# #........
#...........#..@..# #......[.
#...........##o#### #####'####.
#######...........# #.<#...###.
#...........# #..........
#...........# #..........
#...........# ######.####
##....####### #....###### #(...#
#....'....# #....# #....#....'


You could see an orc.

Vanquished Creatures
  A sky beast (D:6)
  2 scorpions
  3 crimson imps
  A jelly (D:5)
  An orc priest (D:3)
  A centaur skeleton (D:4)
  3 worker ants
  2 orc wizards (D:5)
  A hound zombie (D:5)
  A hound skeleton (D:5)
  4 gnolls
  4 adders
  A shadow imp (D:5)
  4 worms
  4 leopard geckos
  14 orcs
  3 ball pythons
  3 giant cockroaches
  9 goblins
  11 hobgoblins
  10 jackals
  7 kobolds
  3 quokkas
  7 bats
  4 frilled lizards
  A leopard gecko zombie (D:5)
  A quokka skeleton (D:5)
  6 rats
112 creatures vanquished.

Notes
Turn   | Place    | Note
-------+----------+-------------------------------------------
     0 | D:1      | Banto the Demonspawn Skald began the quest for the Orb.
     0 | D:1      | Reached XP level 1. HP: 16/16 MP: 3/3
   215 | D:1      | Reached skill level 1 in Stealth
   226 | D:1      | Gained mutation: You have large cloven feet. [demonic ancestry]
   226 | D:1      | Reached XP level 2. HP: 19/22 MP: 0/5
   672 | D:2      | Gained mutation: You sometimes gain a little power by taking damage. [demonic ancestry]
   672 | D:2      | Reached XP level 3. HP: 27/27 MP: 6/6
  1798 | D:4      | Reached XP level 4. HP: 21/33 MP: 5/7
  2321 | D:3      | Found a snail-covered altar of Cheibriados.
  3114 | D:3      | Reached XP level 5. HP: 32/38 MP: 3/8
  3378 | D:4      | Found Lahuff's Armour Boutique.
  3447 | D:4      | Found a staircase to the Ecumenical Temple.
  3494 | Temple   | Entered the Ecumenical Temple
  3730 | Temple   | Became a worshipper of Kikubaaqudgha
  4425 | D:5      | Entered Level 5 of the Dungeon
  4437 | D:5      | Learned a level 2 spell: Shroud of Golubria
  4441 | D:5      | Learned a level 3 spell: Regeneration
  5048 | D:5      | Gained mutation: You have hoof-like feet. [demonic ancestry]
  5048 | D:5      | Reached XP level 6. HP: 28/44 MP: 3/9
  6013 | D:5      | Got a brightly glowing iron amulet
  6090 | D:5      | Reached skill level 5 in Short Blades
  6090 | D:5      | Reached skill level 5 in Stealth
  6303 | D:5      | Reached XP level 7. HP: 50/50 MP: 3/10
  6325 | D:5      | Identified the amulet of Itucymn {Reflect rF+ SH+4} (You found it on level 5 of the Dungeon)
  6890 | D:6      | HP: 1/50 [something (5)]
  6926 | D:6      | Gained mutation: Your magical capacity is low. (-10% MP) [mutagenic meat]
  6927 | D:6      | Gained mutation: Your body sometimes deteriorates upon taking damage. [mutagenic meat]
  6928 | D:6      | Lost mutation: Your magical capacity is low. (-10% MP) [mutagenic meat]
  6929 | D:6      | Gained mutation: You are resistant to hostile enchantments. (MR+) [mutagenic meat]
  6930 | D:6      | Gained mutation: You occasionally shout uncontrollably at your foes. [mutagenic meat]
  6931 | D:6      | Gained mutation: You are agile. (Dex +2) [mutagenic meat]
  7301 | D:6      | Slain by an orc

Vault maps used:
D:1:      shiori_arrival_oz
D:2:      minmay_door_path
D:3:      marbit_many_paths, first_bread
D:4:      minmay_temple_entry_nine_rooms, serial_shops, shop_fountains
D:5:      minmay_goblin_kobold_castle
D:6:      glass_columns_a
Temple:   compressed_dpeg_circular_temple

Skill      XL: |  1  2  3  4  5  6 |
---------------+-------------------+-----
Short Blades   | 2 3 4 5 |  5.6
Stealth        | 1 2 3 4 5 |  5.7
Fighting       | |  2.0
Armour         | |  0.8
Dodging        | |  1.7
Spellcasting   | |  2.0
Charms         | |  2.6

Action                   |  1- 3 |  4- 6 |  7- 9 || total
-------------------------+-------+-------+-------++-------
Melee: Short sword       |   170 |   298 |   122 ||   590
       Kick              |    29 |    71 |    12 ||   112
Throw: Javelin           |       |     5 |     4 ||     9
 Cast: Infusion          |    16 |    28 |     5 ||    49
  Use: Scroll            |       |     9 |       ||     9
       Potion            |       |     3 |     2 ||     5
 Stab: Sleeping          |       |     5 |       ||     5
       Distracted        |       |     1 |       ||     1
  Eat: Chunk             |     3 |    15 |     7 ||    25
Armor: Leather armour    |    39 |    38 |    12 ||    89
       Skin              |       |       |    27 ||    27
Dodge: Dodged            |   121 |   184 |    34 ||   339
Block: Other             |       |       |    11 ||    11

Table legend:
 A = Spawn XP
 B = Non-spawn XP
 C = Spawn XP percentage of total XP
 D = Spawn monster count
 E = Non-spawn monster count
 F = Spawn count percentage of total count
 G = Total turns spent on level
                    A         B        C        D         E        F      G
               +---------+---------+-------+---------+---------+-------+---------
         Total |       0 |    1063 |   0.0 |       0 |     112 |   0.0 |  7301
               +---------+---------+-------+---------+---------+-------+---------
           D:1 |       0 |      32 |   0.0 |       0 |      19 |   0.0 |   530
           D:2 |       0 |      39 |   0.0 |       0 |      18 |   0.0 |   836
           D:3 |       0 |     119 |   0.0 |       0 |      28 |   0.0 |  2063
           D:4 |       0 |     155 |   0.0 |       0 |      15 |   0.0 |  1271
           D:5 |       0 |     457 |   0.0 |       0 |      28 |   0.0 |  1748
           D:6 |       0 |     261 |   0.0 |       0 |       4 |   0.0 |   605
               +---------+---------+-------+---------+---------+-------+---------

Table legend:
 A = Turns spent in this place as a percentage of turns spent in the entire game.
 B = Non-inter-level travel turns spent in this place as a percentage of non-inter-level travel turns spent in the entire game.
 C = Inter-level travel turns spent in this place as a percentage of turns spent in this place.
 D = Turns resting spent in this place as a percentage of non-inter-level travel turns spent in this place.
 E = Turns spent auto-exploring this place as a percentage of non-inter-level travel turns spent in this place.
 F = Non-inter-level travel turns spent in this place divided by the number of levels of this place that you've seen.
                   A       B       C       D       E      F
               +-------+-------+-------+-------+-------+----------------------
         Total | 100.0 | 100.0 |   4.8 |  37.3 |  33.8 | 993.3
       Dungeon |  96.6 |  96.8 |   4.6 |  36.5 |  33.8 | 1121.5
        Temple |   3.4 |   3.2 |   9.7 |  61.6 |  33.9 | 224.0
               +-------+-------+-------+-------+-------+----------------------

Table legend:
 A = Kills in this place as a percentage of kills in entire the game.
 B = Kills by you in this place as a percentage of kills by you in the entire game.
 C = Kills by friends in this place as a percentage of kills by friends in the entire game.
 D = Other kills in this place as a percentage of other kills in the entire game.
 E = Experience gained in this place as a percentage of experience gained in the entire game.
 F = Experience gained in this place divided by the number of levels of this place that you have seen.
                   A       B       C       D       E      F
               +-------+-------+-------+-------+-------+----------------------
         Total | 100.0 | 100.0 |   N/A |   N/A | 100.0 | 151.9
       Dungeon | 100.0 | 100.0 |   N/A |   N/A | 100.0 | 177.2
               +-------+-------+-------+-------+-------+----------------------
